AoeStats
← HawkingsWager

Arabia

508607808Analyzed
1v1 RM · 8d ago on Sep 23, 2026· 22m 2s· 2 players
Game mode
Random Map
Map size
Tiny (2 player)
Population
200
Speed
Normal
Resources
Standard
Victory
Conquest
Starting age
Dark Age
Ending age
Imperial Age
RankedLock teamsTeams togetherTeam positionsShared explorationLock speedFull tech treeHidden civsTurbo modeCheats
Victory
Defeat
🇹🇷 Huns · Türkiye
1043
+14
🇺🇸 Franks · United States
1004
-14
HawkingsWager
11:02 Feudal Age
9:20 Loom
11:05 Feudal Age
18:38 Gold Mining
18:36 Double-Bit Axe
23:32 Castle Age
_YigitPasha_
5:09 Loom
8:36 Feudal Age
20:01 Castle Age
20:01 Bloodlines
20:52 Thumb Ring
20:45 Fletching
Connection lost

Rejoining the realm…

Still unreachable

The connection could not be restored.

Session expired

The server has moved on; the page needs a fresh start.